| Goals | Penalties |
1. Penguins , Matt Roy 1 (Cole Caufield 9, Patrik Laine 7) at 9:24
|
Scott Laughton (TBL) for Holding (Minor) at 1:55 Scott Laughton (TBL) for Hooking (Minor) at 6:17 Emil Lilleberg (PIT) for Cross-checking (Minor) at 12:28 Barrett Hayton (PIT) for Tripping (Minor) at 19:05
|
2. Lightning , Tyler Toffoli 4 (Andrew Peeke 5, Jeff Skinner 4) at 10:04
|
Emil Lilleberg (PIT) for Tripping (Minor) at 7:09
|
No Goal
|
Trent Miner (PIT) for Delaying the game (Minor) at 5:40 - Nicolas Deslauriers served the penalty. Emil Lilleberg (PIT) for High sticking (Minor) at 12:32
|
3. Penguins , Matt Roy 2 (Cole Caufield 10, Nick Suzuki 13) at 4:42
|
No Penalty
|
|
Trent Miner (PIT), 28 saves from 29 shots - (0,966), W, 1-0-0, 64:43 minutes
Igor Shesterkin (TBL), 33 saves from 35 shots - (0,943), OTL, 8-4-2, 64:43 minutes
|
|
1 - Matt Roy (PIT)
2 - Trent Miner (PIT)
3 - Cole Caufield (PIT)
|
Referees : Eric Furlatt and Robert Hennessey
Linesman : Justin Cornell and Libor Suchanek
|
|
| No Game Note
|
|
Level 1 -- Attendance: 5862 (90,18%) -- Ticket Income $644,820
Level 2 -- Attendance: 4445 (88,90%) -- Ticket Income $422,275
Level 3 -- Attendance: 3271 (93,46%) -- Ticket Income $245,325
Level 4 -- Attendance: 2785 (86,92%) -- Ticket Income $125,325
Luxury Box -- Attendance: 554 (55,40%) -- Ticket Income $199,440
Game was played at the Amalie Arena.
Total Attendance: 16917 (88,09%)
Total Ticket Income: $1,637,185
Other Income: $409,296
Total Income: $2,046,481
|
| Team Name |
Goals |
Shots |
Shots Attemp |
Shots Blocked |
PIM |
HIT |
PP |
PK |
FO% |
| Penguins |
2 | 35 | 58 | 9 | 10 | 19 | 0 / 2 (0%) | 0 | 42% |
| Lightning |
1 | 29 | 66 | 8 | 4 | 21 | 0 / 5 (0%) | 0 | 58% |
Penguins
| Player Name |
POS |
G |
A |
P |
+/- |
PIM |
HIT |
SHT |
SB |
MP |
PP MP |
PP SHT |
PK MP |
PK SHT |
FO% |
FOT |
| Barrett Hayton | C | 0 | 0 | 0 | -1 | 2 | 1 | 1 | 0 | 17:54 | 1:41 | 1 | 2:49 | 0 | 50% |
18 |
| Cale Fleury | D | 0 | 0 | 0 | -1 | 0 | 1 | 0 | 1 | 13:48 | 0:00 | 0 | 0:00 | 0 | 0% |
0 |
| Cole Caufield | RW | 0 | 2 | 2 | 2 | 0 | 2 | 8 | 0 | 22:34 | 2:17 | 0 | 0:00 | 0 | 75% |
4 |
| Danton Heinen | LW | 0 | 0 | 0 | -1 | 0 | 0 | 2 | 0 | 19:24 | 1:41 | 1 | 3:59 | 0 | 0% |
0 |
| David Perron | LW | 0 | 0 | 0 | 0 | 0 | 2 | 1 | 0 | 8:35 | 0:00 | 0 | 0:00 | 0 | 0% |
0 |
| Dylan Guenther | RW | 0 | 0 | 0 | -1 | 0 | 1 | 4 | 0 | 17:06 | 1:41 | 0 | 0:00 | 0 | 33% |
3 |
| Emil Lilleberg | D | 0 | 0 | 0 | 0 | 6 | 1 | 0 | 0 | 18:38 | 1:41 | 0 | 1:41 | 0 | 0% |
0 |
| Isac Lundestrom | C | 0 | 0 | 0 | 0 | 0 | 2 | 3 | 1 | 14:52 | 0:00 | 0 | 6:36 | 0 | 50% |
20 |
| Jordan Harris | D | 0 | 0 | 0 | -1 | 0 | 1 | 0 | 1 | 16:40 | 0:00 | 0 | 2:52 | 0 | 0% |
0 |
| Josh Anderson | RW | 0 | 0 | 0 | 0 | 0 | 1 | 0 | 0 | 12:29 | 0:00 | 0 | 5:56 | 0 | 0% |
1 |
| Kevin Korchinski | D | 0 | 0 | 0 | 1 | 0 | 1 | 1 | 4 | 26:39 | 2:17 | 0 | 5:22 | 0 | 0% |
0 |
| Logan O'Connor | RW | 0 | 0 | 0 | 0 | 0 | 0 | 3 | 0 | 8:16 | 0:00 | 0 | 0:00 | 0 | 0% |
0 |
| Matt Roy | D | 2 | 0 | 2 | 2 | 0 | 2 | 2 | 1 | 27:46 | 2:17 | 0 | 6:05 | 0 | 0% |
0 |
| Nick Suzuki | C | 0 | 1 | 1 | 2 | 0 | 0 | 2 | 0 | 23:04 | 2:17 | 0 | 0:30 | 0 | 35% |
23 |
| Nicolas Deslauriers | LW | 0 | 0 | 0 | 0 | 0 | 2 | 0 | 0 | 6:33 | 0:00 | 0 | 0:00 | 0 | 22% |
9 |
| Nils Lundkvist | D | 0 | 0 | 0 | 0 | 0 | 1 | 1 | 1 | 21:09 | 1:41 | 0 | 3:50 | 0 | 0% |
0 |
| Patrik Laine | LW | 0 | 1 | 1 | 1 | 0 | 1 | 7 | 0 | 22:10 | 2:17 | 1 | 0:00 | 0 | 0% |
0 |
| Zach Benson | LW | 0 | 0 | 0 | 0 | 0 | 0 | 0 | 0 | 6:33 | 0:00 | 0 | 0:00 | 0 | 0% |
0 |
Lightning
| Player Name |
POS |
G |
A |
P |
+/- |
PIM |
HIT |
SHT |
SB |
MP |
PP MP |
PP SHT |
PK MP |
PK SHT |
FO% |
FOT |
| Adam Lowry | C | 0 | 0 | 0 | -1 | 0 | 1 | 1 | 0 | 8:54 | 0:00 | 0 | 1:35 | 0 | 75% |
8 |
| Alex Killorn | LW | 0 | 0 | 0 | -1 | 0 | 0 | 4 | 0 | 21:49 | 4:22 | 0 | 0:06 | 0 | 100% |
1 |
| Andrew Peeke | D | 0 | 1 | 1 | 1 | 0 | 0 | 0 | 0 | 12:40 | 0:00 | 0 | 0:00 | 0 | 0% |
0 |
| Barclay Goodrow | C | 0 | 0 | 0 | 0 | 0 | 1 | 0 | 0 | 8:48 | 0:00 | 0 | 2:23 | 0 | 40% |
5 |
| Brandon Montour | D | 0 | 0 | 0 | -1 | 0 | 2 | 1 | 2 | 27:13 | 4:50 | 1 | 2:11 | 0 | 0% |
0 |
| Brock Nelson | C | 0 | 0 | 0 | 1 | 0 | 1 | 3 | 0 | 20:26 | 5:01 | 0 | 0:00 | 0 | 48% |
21 |
| Jeff Skinner | LW | 0 | 1 | 1 | 1 | 0 | 2 | 2 | 0 | 19:17 | 4:37 | 1 | 0:00 | 0 | 100% |
3 |
| John Klingberg | D | 0 | 0 | 0 | 0 | 0 | 0 | 0 | 0 | 21:57 | 5:05 | 0 | 1:47 | 0 | 0% |
0 |
| Kaiden Guhle | D | 0 | 0 | 0 | -1 | 0 | 7 | 1 | 1 | 22:51 | 5:05 | 0 | 1:47 | 0 | 0% |
0 |
| Mike Matheson | D | 0 | 0 | 0 | -1 | 0 | 1 | 0 | 3 | 27:22 | 4:50 | 0 | 2:11 | 0 | 0% |
0 |
| Noel Acciari | C | 0 | 0 | 0 | 0 | 0 | 1 | 0 | 1 | 8:56 | 0:56 | 0 | 1:35 | 0 | 100% |
1 |
| Pavel Zacha | C | 0 | 0 | 0 | -1 | 0 | 0 | 3 | 0 | 22:15 | 4:54 | 0 | 0:00 | 0 | 60% |
20 |
| Ryan Strome | C | 0 | 0 | 0 | 0 | 0 | 0 | 1 | 0 | 9:13 | 0:00 | 0 | 0:00 | 0 | 0% |
0 |
| Sam Bennett | C | 0 | 0 | 0 | -1 | 0 | 3 | 5 | 0 | 24:32 | 4:54 | 0 | 0:00 | 0 | 60% |
5 |
| Scott Laughton | C | 0 | 0 | 0 | -1 | 4 | 1 | 2 | 0 | 10:05 | 0:00 | 0 | 0:00 | 0 | 50% |
14 |
| Teddy Blueger | C | 0 | 0 | 0 | 0 | 0 | 0 | 2 | 0 | 11:30 | 0:00 | 0 | 2:17 | 0 | 0% |
0 |
| Tyler Kleven | D | 0 | 0 | 0 | 1 | 0 | 0 | 1 | 1 | 12:40 | 0:00 | 0 | 0:00 | 0 | 0% |
0 |
| Tyler Toffoli | C | 1 | 0 | 1 | 1 | 0 | 1 | 3 | 0 | 19:41 | 5:01 | 1 | 0:00 | 0 | 0% |
0 |
Play-by-Play
1st period
0:01 of 1st period - Nick Suzuki wins face-off versus Pavel Zacha in neutral zone.
0:04 of 1st period - Shot by Kevin Korchinski.
0:04 of 1st period - Stopped by Igor Shesterkin without a rebound.
0:05 of 1st period - Brock Nelson wins face-off versus Barrett Hayton in Lightning zone.
0:21 of 1st period - Nils Lundkvist is hit by Kaiden Guhle and loses puck.
0:38 of 1st period - Shot by Dylan Guenther.
0:38 of 1st period - Stopped by Igor Shesterkin without a rebound.
0:39 of 1st period - Nick Suzuki wins face-off versus Sam Bennett in Lightning zone.
1:16 of 1st period - Shot by Cole Caufield.
1:16 of 1st period - Stopped by Igor Shesterkin without a rebound.
1:17 of 1st period - Scott Laughton wins face-off versus Isac Lundestrom in Lightning zone.
1:39 of 1st period - Icing by Scott Laughton.
1:40 of 1st period - Scott Laughton wins face-off versus Nicolas Deslauriers in Lightning zone.
1:55 of 1st period - Minor Penalty to Scott Laughton for Holding.
1:56 of 1st period - Barclay Goodrow wins face-off versus Nick Suzuki in Lightning zone.
1:56 of 1st period - Barclay Goodrow is hit by Cole Caufield.
2:10 of 1st period - Shot by Nick Suzuki.
2:10 of 1st period - Deflect By Patrik Laine.
2:10 of 1st period - Stopped by Igor Shesterkin with a rebound.
2:57 of 1st period - Danton Heinen is hit by Noel Acciari and loses puck.
3:19 of 1st period - Shot by Barrett Hayton.
3:19 of 1st period - Stopped by Igor Shesterkin without a rebound.
3:20 of 1st period - Nick Suzuki wins face-off versus Barclay Goodrow in Lightning zone.
4:03 of 1st period - Shot by Pavel Zacha.
4:03 of 1st period - Stopped by Trent Miner with a rebound.
4:05 of 1st period - Shot by Alex Killorn.
4:05 of 1st period - Stopped by Trent Miner without a rebound.
4:06 of 1st period - Barrett Hayton wins face-off versus Brock Nelson in Penguins zone.
4:30 of 1st period - Shot by John Klingberg.
4:30 of 1st period - Shot Misses the Net.
4:32 of 1st period - Shot by Jeff Skinner.
4:32 of 1st period - Shot Misses the Net.
5:12 of 1st period - Shot by Pavel Zacha.
5:12 of 1st period - Shot Misses the Net.
5:15 of 1st period - Icing by Jordan Harris.
5:16 of 1st period - Adam Lowry wins face-off versus Nicolas Deslauriers in Penguins zone.
5:21 of 1st period - Shot by Adam Lowry.
5:21 of 1st period - Stopped by Trent Miner without a rebound.
5:22 of 1st period - Pavel Zacha wins face-off versus Nick Suzuki in Penguins zone.
5:44 of 1st period - Shot by Nick Suzuki.
5:44 of 1st period - Deflect By Patrik Laine.
5:44 of 1st period - Stopped by Igor Shesterkin with a rebound.
5:54 of 1st period - Shot by Cole Caufield.
5:54 of 1st period - Stopped by Igor Shesterkin without a rebound.
5:55 of 1st period - Isac Lundestrom wins face-off versus Scott Laughton in Lightning zone.
6:14 of 1st period - Shot by Ryan Strome.
6:14 of 1st period - Shot Misses the Net.
6:17 of 1st period - Minor Penalty to Scott Laughton for Hooking.
6:18 of 1st period - Barrett Hayton wins face-off versus Barclay Goodrow in Lightning zone.
6:23 of 1st period - Shot by Dylan Guenther.
6:23 of 1st period - Deflect By Danton Heinen.
6:23 of 1st period - Stopped by Igor Shesterkin without a rebound.
6:24 of 1st period - Barclay Goodrow wins face-off versus Nick Suzuki in Lightning zone.
8:21 of 1st period - Shot by David Perron.
8:21 of 1st period - Stopped by Igor Shesterkin without a rebound.
8:22 of 1st period - Pavel Zacha wins face-off versus Nicolas Deslauriers in Lightning zone.
8:22 of 1st period - Pavel Zacha is hit by Nicolas Deslauriers.
8:36 of 1st period - Shot by Pavel Zacha.
8:36 of 1st period - Stopped by Trent Miner without a rebound.
8:37 of 1st period - Cole Caufield wins face-off versus Brock Nelson in Penguins zone.
8:37 of 1st period - Cole Caufield is hit by Tyler Toffoli.
8:40 of 1st period - Icing by Nick Suzuki.
8:41 of 1st period - Nick Suzuki wins face-off versus Pavel Zacha in Penguins zone.
8:56 of 1st period - Shot by Patrik Laine.
8:56 of 1st period - Shot Blocked by Brandon Montour.
9:16 of 1st period - Shot by Cole Caufield.
9:16 of 1st period - Stopped by Igor Shesterkin with a rebound.
9:22 of 1st period - Shot by Cole Caufield.
9:22 of 1st period - Shot Blocked by Brandon Montour.
9:24 of 1st period - Shot by Matt Roy.
9:24 of 1st period - Goal by Matt Roy - Penguins : 1 - Lightning : 0.
9:25 of 1st period - Brock Nelson wins face-off versus Barrett Hayton in neutral zone.
10:01 of 1st period - Shot by Jeff Skinner.
10:01 of 1st period - Shot Misses the Net.
10:03 of 1st period - Shot by Jeff Skinner.
10:03 of 1st period - Deflect By Tyler Toffoli.
10:03 of 1st period - Shot Misses the Net.
10:05 of 1st period - Shot by Brock Nelson.
10:05 of 1st period - Stopped by Trent Miner without a rebound.
10:06 of 1st period - Isac Lundestrom wins face-off versus Scott Laughton in Penguins zone.
10:10 of 1st period - Off-side.
10:11 of 1st period - Pavel Zacha wins face-off versus Nick Suzuki in neutral zone.
10:11 of 1st period - Pavel Zacha is hit by Cole Caufield.
11:24 of 1st period - Shot by Logan O'Connor.
11:24 of 1st period - Stopped by Igor Shesterkin without a rebound.
11:25 of 1st period - Dylan Guenther wins face-off versus Scott Laughton in Lightning zone.
11:34 of 1st period - Shot by Dylan Guenther.
11:34 of 1st period - Stopped by Igor Shesterkin with a rebound.
12:11 of 1st period - Icing by Kaiden Guhle.
12:12 of 1st period - Scott Laughton wins face-off versus Nick Suzuki in Lightning zone.
12:23 of 1st period - Shot by Patrik Laine.
12:23 of 1st period - Stopped by Igor Shesterkin without a rebound.
12:24 of 1st period - Brock Nelson wins face-off versus Nicolas Deslauriers in Lightning zone.
12:28 of 1st period - Minor Penalty to Emil Lilleberg for Cross-checking.
12:29 of 1st period - Pavel Zacha wins face-off versus Isac Lundestrom in Penguins zone.
12:36 of 1st period - Shot by Brandon Montour.
12:36 of 1st period - Stopped by Trent Miner without a rebound.
12:37 of 1st period - Pavel Zacha wins face-off versus Isac Lundestrom in Penguins zone.
12:38 of 1st period - Shot by Mike Matheson.
12:38 of 1st period - Shot Hit the Post.
12:48 of 1st period - Brandon Montour is hit by Josh Anderson and loses puck.
13:45 of 1st period - Shot by Brock Nelson.
13:45 of 1st period - Shot Misses the Net.
13:47 of 1st period - Shot by John Klingberg.
13:47 of 1st period - Shot Blocked by Jordan Harris.
14:36 of 1st period - Icing by Noel Acciari.
14:37 of 1st period - Adam Lowry wins face-off versus Nick Suzuki in Lightning zone.
15:09 of 1st period - Off-side.
15:10 of 1st period - Scott Laughton wins face-off versus Barrett Hayton in neutral zone.
15:29 of 1st period - Shot by Danton Heinen.
15:29 of 1st period - Shot Hit the Post.
15:31 of 1st period - Shot by Danton Heinen.
15:31 of 1st period - Shot Misses the Net.
15:33 of 1st period - Shot by Danton Heinen.
15:33 of 1st period - Shot Misses the Net.
15:35 of 1st period - Shot by Matt Roy.
15:35 of 1st period - Shot Blocked by Mike Matheson.
15:38 of 1st period - Barrett Hayton is hit by Mike Matheson and loses puck.
16:29 of 1st period - Shot by Sam Bennett.
16:29 of 1st period - Deflect By Alex Killorn.
16:29 of 1st period - Stopped by Trent Miner with a rebound.
16:31 of 1st period - Shot by Kaiden Guhle.
16:31 of 1st period - Shot Misses the Net.
16:35 of 1st period - Shot by Sam Bennett.
16:35 of 1st period - Stopped by Trent Miner with a rebound.
16:43 of 1st period - Shot by Alex Killorn.
16:43 of 1st period - Shot Misses the Net.
16:45 of 1st period - Shot by Pavel Zacha.
16:45 of 1st period - Stopped by Trent Miner without a rebound.
16:46 of 1st period - Brock Nelson wins face-off versus Cole Caufield in Penguins zone.
16:53 of 1st period - Shot by Brock Nelson.
16:53 of 1st period - Stopped by Trent Miner with a rebound.
17:44 of 1st period - Tyler Toffoli is hit by Matt Roy and loses puck.
18:28 of 1st period - Brandon Montour is hit by Nicolas Deslauriers.
18:33 of 1st period - Sam Bennett is hit by Kevin Korchinski and loses puck.
19:05 of 1st period - Minor Penalty to Barrett Hayton for Tripping.
19:06 of 1st period - Brock Nelson wins face-off versus Isac Lundestrom in Penguins zone.
19:09 of 1st period - Shot by Tyler Toffoli.
19:09 of 1st period - Stopped by Trent Miner with a rebound.
Goals for this period are 1 for Penguins vs 0 for Lightning.
Shots for this period are 14 for Penguins vs 11 for Lightning.
2nd period
0:01 of 2nd period - Isac Lundestrom wins face-off versus Pavel Zacha in neutral zone.
0:01 of 2nd period - Kevin Korchinski is hit by Sam Bennett and loses puck.
0:10 of 2nd period - Shot by Mike Matheson.
0:10 of 2nd period - Shot Misses the Net.
0:18 of 2nd period - Shot by Pavel Zacha.
0:18 of 2nd period - Shot Misses the Net.
1:57 of 2nd period - Icing by Nick Suzuki.
1:58 of 2nd period - Adam Lowry wins face-off versus Nick Suzuki in Penguins zone.
3:06 of 2nd period - Dylan Guenther is hit by Brandon Montour and loses puck.
3:09 of 2nd period - Shot by Dylan Guenther.
3:09 of 2nd period - Stopped by Igor Shesterkin without a rebound.
3:10 of 2nd period - Isac Lundestrom wins face-off versus Brock Nelson in Lightning zone.
3:14 of 2nd period - Icing by Andrew Peeke.
3:15 of 2nd period - Barrett Hayton wins face-off versus Brock Nelson in Lightning zone.
3:59 of 2nd period - Shot by Jeff Skinner.
3:59 of 2nd period - Shot Misses the Net.
4:15 of 2nd period - Shot by Alex Killorn.
4:15 of 2nd period - Shot Misses the Net.
4:37 of 2nd period - Shot by Alex Killorn.
4:37 of 2nd period - Shot Misses the Net.
4:43 of 2nd period - Shot by Sam Bennett.
4:43 of 2nd period - Stopped by Trent Miner with a rebound.
4:45 of 2nd period - Shot by Alex Killorn.
4:45 of 2nd period - Stopped by Trent Miner with a rebound.
5:06 of 2nd period - Off-side.
5:07 of 2nd period - Adam Lowry wins face-off versus Isac Lundestrom in neutral zone.
5:09 of 2nd period - John Klingberg is hit by Emil Lilleberg and loses puck.
5:22 of 2nd period - Nils Lundkvist is hit by Adam Lowry and loses puck.
5:33 of 2nd period - Icing by Kaiden Guhle.
5:34 of 2nd period - Nicolas Deslauriers wins face-off versus Barclay Goodrow in Lightning zone.
5:34 of 2nd period - Nicolas Deslauriers is hit by Kaiden Guhle.
5:45 of 2nd period - Zach Benson is hit by Kaiden Guhle and loses puck.
5:54 of 2nd period - Shot by Josh Anderson.
5:54 of 2nd period - Deflect By Zach Benson.
5:54 of 2nd period - Shot Misses the Net.
6:35 of 2nd period - Icing by Alex Killorn.
6:36 of 2nd period - Cole Caufield wins face-off versus Pavel Zacha in Lightning zone.
6:59 of 2nd period - Nick Suzuki is hit by Sam Bennett and loses puck.
7:09 of 2nd period - Minor Penalty to Emil Lilleberg for Tripping.
7:10 of 2nd period - Isac Lundestrom wins face-off versus Brock Nelson in Penguins zone.
8:06 of 2nd period - Shot by Jeff Skinner.
8:06 of 2nd period - Shot Blocked by Nils Lundkvist.
8:39 of 2nd period - Icing by John Klingberg.
8:40 of 2nd period - Isac Lundestrom wins face-off versus Brock Nelson in Lightning zone.
8:40 of 2nd period - Nils Lundkvist is hit by Kaiden Guhle and loses puck.
9:16 of 2nd period - Icing by Nils Lundkvist.
9:17 of 2nd period - Nick Suzuki wins face-off versus Scott Laughton in Penguins zone.
9:30 of 2nd period - Shot by Teddy Blueger.
9:30 of 2nd period - Stopped by Trent Miner without a rebound.
9:31 of 2nd period - Pavel Zacha wins face-off versus Barrett Hayton in Penguins zone.
9:42 of 2nd period - Shot by Alex Killorn.
9:42 of 2nd period - Stopped by Trent Miner with a rebound.
9:57 of 2nd period - Icing by Dylan Guenther.
9:58 of 2nd period - Brock Nelson wins face-off versus Barrett Hayton in Penguins zone.
10:00 of 2nd period - Jeff Skinner is hit by Jordan Harris.
10:04 of 2nd period - Shot by Tyler Toffoli.
10:04 of 2nd period - Goal by Tyler Toffoli - Penguins : 1 - Lightning : 1.
10:05 of 2nd period - Brock Nelson wins face-off versus Isac Lundestrom in neutral zone.
10:09 of 2nd period - Kaiden Guhle is hit by David Perron.
10:13 of 2nd period - Shot by Brock Nelson.
10:13 of 2nd period - Shot Misses the Net.
10:31 of 2nd period - Shot by Logan O'Connor.
10:31 of 2nd period - Stopped by Igor Shesterkin without a rebound.
10:32 of 2nd period - Cole Caufield wins face-off versus Pavel Zacha in Lightning zone.
10:43 of 2nd period - Shot by Patrik Laine.
10:43 of 2nd period - Stopped by Igor Shesterkin with a rebound.
10:45 of 2nd period - Shot by Nick Suzuki.
10:45 of 2nd period - Shot Misses the Net.
10:47 of 2nd period - Shot by Patrik Laine.
10:47 of 2nd period - Stopped by Igor Shesterkin without a rebound.
10:48 of 2nd period - Barrett Hayton wins face-off versus Brock Nelson in Lightning zone.
10:55 of 2nd period - Kevin Korchinski is hit by Brock Nelson and loses puck.
11:02 of 2nd period - Shot by Jeff Skinner.
11:02 of 2nd period - Stopped by Trent Miner without a rebound.
11:03 of 2nd period - Pavel Zacha wins face-off versus Nick Suzuki in Penguins zone.
12:18 of 2nd period - Shot by Matt Roy.
12:18 of 2nd period - Shot Misses the Net.
12:20 of 2nd period - Shot by Isac Lundestrom.
12:20 of 2nd period - Shot Misses the Net.
12:22 of 2nd period - Shot by Isac Lundestrom.
12:22 of 2nd period - Stopped by Igor Shesterkin without a rebound.
12:23 of 2nd period - Scott Laughton wins face-off versus Barrett Hayton in Lightning zone.
12:43 of 2nd period - Off-side.
12:44 of 2nd period - Isac Lundestrom wins face-off versus Brock Nelson in neutral zone.
13:09 of 2nd period - Kaiden Guhle is hit by Isac Lundestrom and loses puck.
13:54 of 2nd period - Shot by Sam Bennett.
13:54 of 2nd period - Stopped by Trent Miner without a rebound.
13:55 of 2nd period - Barrett Hayton wins face-off versus Pavel Zacha in Penguins zone.
14:13 of 2nd period - Icing by Mike Matheson.
14:14 of 2nd period - Pavel Zacha wins face-off versus Nick Suzuki in Lightning zone.
14:19 of 2nd period - Shot by Brandon Montour.
14:19 of 2nd period - Shot Misses the Net.
14:21 of 2nd period - Shot by Sam Bennett.
14:21 of 2nd period - Shot Misses the Net.
14:46 of 2nd period - Shot by Sam Bennett.
14:46 of 2nd period - Stopped by Trent Miner without a rebound.
14:47 of 2nd period - Barrett Hayton wins face-off versus Scott Laughton in Penguins zone.
14:54 of 2nd period - Shot by Dylan Guenther.
14:54 of 2nd period - Shot Misses the Net.
15:50 of 2nd period - Kaiden Guhle is hit by Nils Lundkvist and loses puck.
15:54 of 2nd period - Icing by Nils Lundkvist.
15:55 of 2nd period - Nick Suzuki wins face-off versus Pavel Zacha in Penguins zone.
16:45 of 2nd period - Icing by Brandon Montour.
16:46 of 2nd period - Isac Lundestrom wins face-off versus Pavel Zacha in Lightning zone.
17:03 of 2nd period - Shot by Isac Lundestrom.
17:03 of 2nd period - Stopped by Igor Shesterkin without a rebound.
17:04 of 2nd period - Barrett Hayton wins face-off versus Brock Nelson in Lightning zone.
17:07 of 2nd period - Shot by Danton Heinen.
17:07 of 2nd period - Deflect By Dylan Guenther.
17:07 of 2nd period - Stopped by Igor Shesterkin without a rebound.
17:08 of 2nd period - Jeff Skinner wins face-off versus Barrett Hayton in Lightning zone.
17:15 of 2nd period - Shot by Tyler Toffoli.
17:15 of 2nd period - Shot Blocked by Kevin Korchinski.
17:21 of 2nd period - Shot by Kaiden Guhle.
17:21 of 2nd period - Stopped by Trent Miner without a rebound.
17:22 of 2nd period - Scott Laughton wins face-off versus Nick Suzuki in Penguins zone.
17:40 of 2nd period - Shot by Teddy Blueger.
17:40 of 2nd period - Shot Misses the Net.
17:42 of 2nd period - Shot by Tyler Kleven.
17:42 of 2nd period - Stopped by Trent Miner without a rebound.
17:43 of 2nd period - Brock Nelson wins face-off versus Barrett Hayton in Penguins zone.
19:10 of 2nd period - Pavel Zacha is hit by Matt Roy and loses puck.
19:39 of 2nd period - Patrik Laine is hit by Scott Laughton and loses puck.
19:48 of 2nd period - Shot by Scott Laughton.
19:48 of 2nd period - Shot Misses the Net.
19:50 of 2nd period - Shot by Teddy Blueger.
19:50 of 2nd period - Stopped by Trent Miner with a rebound.
Goals for this period are 0 for Penguins vs 1 for Lightning.
Shots for this period are 7 for Penguins vs 11 for Lightning.
3rd period
0:01 of 3rd period - Isac Lundestrom wins face-off versus Brock Nelson in neutral zone.
1:11 of 3rd period - Shot by Nils Lundkvist.
1:11 of 3rd period - Stopped by Igor Shesterkin without a rebound.
1:12 of 3rd period - Nick Suzuki wins face-off versus Scott Laughton in Lightning zone.
1:13 of 3rd period - Shot by Cole Caufield.
1:13 of 3rd period - Stopped by Igor Shesterkin without a rebound.
1:14 of 3rd period - Pavel Zacha wins face-off versus Nick Suzuki in Lightning zone.
1:39 of 3rd period - Shot by Patrik Laine.
1:39 of 3rd period - Stopped by Igor Shesterkin with a rebound.
1:41 of 3rd period - Shot by Patrik Laine.
1:41 of 3rd period - Deflect By Nick Suzuki.
1:41 of 3rd period - Shot Misses the Net.
2:26 of 3rd period - Shot by Brock Nelson.
2:26 of 3rd period - Deflect By Tyler Toffoli.
2:26 of 3rd period - Shot Misses the Net.
2:31 of 3rd period - Jeff Skinner is hit by Cale Fleury and loses puck.
2:47 of 3rd period - Zach Benson is hit by Jeff Skinner and loses puck.
2:52 of 3rd period - Shot by Brock Nelson.
2:52 of 3rd period - Shot Misses the Net.
2:59 of 3rd period - Off-side.
3:00 of 3rd period - Scott Laughton wins face-off versus Isac Lundestrom in neutral zone.
4:11 of 3rd period - Shot by Patrik Laine.
4:11 of 3rd period - Shot Blocked by Kaiden Guhle.
4:30 of 3rd period - Cole Caufield is hit by Kaiden Guhle.
4:39 of 3rd period - Nick Suzuki is hit by Kaiden Guhle and loses puck.
5:25 of 3rd period - Mike Matheson is hit by Dylan Guenther and loses puck.
5:32 of 3rd period - Shot by Tyler Toffoli.
5:32 of 3rd period - Stopped by Trent Miner without a rebound.
5:33 of 3rd period - Nicolas Deslauriers wins face-off versus Scott Laughton in Penguins zone.
5:40 of 3rd period - Shot by Scott Laughton.
5:40 of 3rd period - Stopped by Trent Miner without a rebound.
5:40 of 3rd period - Minor Penalty to Trent Miner for Delaying the game.
5:41 of 3rd period - Alex Killorn wins face-off versus Josh Anderson in Penguins zone.
5:54 of 3rd period - Shot by Brandon Montour.
5:54 of 3rd period - Shot Blocked by Kevin Korchinski.
6:49 of 3rd period - Shot by John Klingberg.
6:49 of 3rd period - Shot Misses the Net.
6:51 of 3rd period - Shot by Sam Bennett.
6:51 of 3rd period - Deflect By Jeff Skinner.
6:51 of 3rd period - Stopped by Trent Miner without a rebound.
6:52 of 3rd period - Isac Lundestrom wins face-off versus Brock Nelson in Penguins zone.
7:10 of 3rd period - Shot by Alex Killorn.
7:10 of 3rd period - Shot Misses the Net.
7:12 of 3rd period - Shot by Mike Matheson.
7:12 of 3rd period - Shot Blocked by Isac Lundestrom.
7:14 of 3rd period - Shot by Brandon Montour.
7:14 of 3rd period - Shot Blocked by Kevin Korchinski.
7:16 of 3rd period - Shot by Mike Matheson.
7:16 of 3rd period - Shot Blocked by Matt Roy.
7:50 of 3rd period - Shot by Cole Caufield.
7:50 of 3rd period - Stopped by Igor Shesterkin without a rebound.
7:51 of 3rd period - Barrett Hayton wins face-off versus Adam Lowry in Lightning zone.
8:08 of 3rd period - Adam Lowry is hit by Barrett Hayton and loses puck.
8:55 of 3rd period - Shot by Cole Caufield.
8:55 of 3rd period - Stopped by Igor Shesterkin without a rebound.
8:56 of 3rd period - Jeff Skinner wins face-off versus Nicolas Deslauriers in Lightning zone.
9:36 of 3rd period - Kevin Korchinski is hit by Brandon Montour and loses puck.
9:49 of 3rd period - Icing by Matt Roy.
9:50 of 3rd period - Pavel Zacha wins face-off versus Nicolas Deslauriers in Penguins zone.
9:53 of 3rd period - Shot by Sam Bennett.
9:53 of 3rd period - Shot Misses the Net.
9:57 of 3rd period - Shot by Alex Killorn.
9:57 of 3rd period - Shot Misses the Net.
10:48 of 3rd period - Shot by Cole Caufield.
10:48 of 3rd period - Shot Misses the Net.
10:50 of 3rd period - Shot by Cole Caufield.
10:50 of 3rd period - Stopped by Igor Shesterkin without a rebound.
10:51 of 3rd period - Noel Acciari wins face-off versus Isac Lundestrom in Lightning zone.
10:51 of 3rd period - Noel Acciari is hit by David Perron.
11:21 of 3rd period - Shot by Logan O'Connor.
11:21 of 3rd period - Stopped by Igor Shesterkin with a rebound.
11:23 of 3rd period - Shot by Isac Lundestrom.
11:23 of 3rd period - Stopped by Igor Shesterkin without a rebound.
11:24 of 3rd period - Brock Nelson wins face-off versus Nick Suzuki in Lightning zone.
12:32 of 3rd period - Minor Penalty to Emil Lilleberg for High sticking.
12:33 of 3rd period - Pavel Zacha wins face-off versus Isac Lundestrom in Penguins zone.
14:25 of 3rd period - Barrett Hayton is hit by Sam Bennett and loses puck.
14:44 of 3rd period - Shot by Nick Suzuki.
14:44 of 3rd period - Shot Blocked by Tyler Kleven.
14:50 of 3rd period - Shot by Nick Suzuki.
14:50 of 3rd period - Stopped by Igor Shesterkin without a rebound.
14:51 of 3rd period - Adam Lowry wins face-off versus Nicolas Deslauriers in Lightning zone.
14:56 of 3rd period - Cale Fleury is hit by Barclay Goodrow.
15:00 of 3rd period - Shot by Adam Lowry.
15:00 of 3rd period - Shot Blocked by Cale Fleury.
15:54 of 3rd period - Shot by Nick Suzuki.
15:54 of 3rd period - Stopped by Igor Shesterkin without a rebound.
15:55 of 3rd period - Pavel Zacha wins face-off versus Barrett Hayton in Lightning zone.
16:27 of 3rd period - Shot by Danton Heinen.
16:27 of 3rd period - Shot Misses the Net.
16:29 of 3rd period - Shot by Danton Heinen.
16:29 of 3rd period - Stopped by Igor Shesterkin without a rebound.
16:30 of 3rd period - Brock Nelson wins face-off versus Isac Lundestrom in Lightning zone.
16:30 of 3rd period - Brock Nelson is hit by Isac Lundestrom.
17:06 of 3rd period - Logan O'Connor is hit by Jeff Skinner and loses puck.
18:21 of 3rd period - Nick Suzuki is hit by Kaiden Guhle and loses puck.
19:15 of 3rd period - Shot by Ryan Strome.
19:15 of 3rd period - Shot Misses the Net.
19:17 of 3rd period - Shot by Ryan Strome.
19:17 of 3rd period - Stopped by Trent Miner without a rebound.
19:18 of 3rd period - Barrett Hayton wins face-off versus Adam Lowry in Penguins zone.
19:55 of 3rd period - Shot by Barrett Hayton.
19:55 of 3rd period - Shot Blocked by Mike Matheson.
19:57 of 3rd period - Shot by Dylan Guenther.
19:57 of 3rd period - Shot Blocked by Noel Acciari.
19:59 of 3rd period - Shot by Barrett Hayton.
19:59 of 3rd period - Shot Blocked by Mike Matheson.
Goals for this period are 0 for Penguins vs 0 for Lightning.
Shots for this period are 11 for Penguins vs 4 for Lightning.
Overtime #1
0:01 of 1st overtime period - Nick Suzuki wins face-off versus Sam Bennett in neutral zone.
0:17 of 1st overtime period - Icing by Matt Roy.
0:18 of 1st overtime period - Sam Bennett wins face-off versus Nick Suzuki in Penguins zone.
0:25 of 1st overtime period - Shot by Brock Nelson.
0:25 of 1st overtime period - Deflect By Sam Bennett.
0:25 of 1st overtime period - Shot Misses the Net.
0:27 of 1st overtime period - Shot by Brock Nelson.
0:27 of 1st overtime period - Stopped by Trent Miner with a rebound.
0:29 of 1st overtime period - Shot by Sam Bennett.
0:29 of 1st overtime period - Stopped by Trent Miner without a rebound.
0:30 of 1st overtime period - Sam Bennett wins face-off versus Nick Suzuki in Penguins zone.
1:01 of 1st overtime period - Shot by Cole Caufield.
1:01 of 1st overtime period - Shot Misses the Net.
1:03 of 1st overtime period - Shot by Nick Suzuki.
1:03 of 1st overtime period - Shot Misses the Net.
1:29 of 1st overtime period - Shot by Patrik Laine.
1:29 of 1st overtime period - Stopped by Igor Shesterkin without a rebound.
1:30 of 1st overtime period - Jeff Skinner wins face-off versus Dylan Guenther in Lightning zone.
2:23 of 1st overtime period - Shot by Nick Suzuki.
2:23 of 1st overtime period - Shot Misses the Net.
3:02 of 1st overtime period - Icing by Mike Matheson.
3:03 of 1st overtime period - Sam Bennett wins face-off versus Dylan Guenther in Lightning zone.
3:03 of 1st overtime period - Sam Bennett is hit by Patrik Laine.
3:23 of 1st overtime period - Shot by Mike Matheson.
3:23 of 1st overtime period - Shot Blocked by Kevin Korchinski.
4:04 of 1st overtime period - Shot by Adam Lowry.
4:04 of 1st overtime period - Deflect By Scott Laughton.
4:04 of 1st overtime period - Stopped by Trent Miner without a rebound.
4:05 of 1st overtime period - Adam Lowry wins face-off versus Nick Suzuki in Penguins zone.
4:12 of 1st overtime period - Shot by Nick Suzuki.
4:12 of 1st overtime period - Deflect By Cole Caufield.
4:12 of 1st overtime period - Shot Misses the Net.
4:40 of 1st overtime period - Shot by Nick Suzuki.
4:40 of 1st overtime period - Deflect By Cole Caufield.
4:40 of 1st overtime period - Stopped by Igor Shesterkin with a rebound.
4:42 of 1st overtime period - Shot by Matt Roy.
4:42 of 1st overtime period - Goal by Matt Roy - Penguins : 2 - Lightning : 1.
Goals for this period are 1 for Penguins vs 0 for Lightning.
Shots for this period are 3 for Penguins vs 3 for Lightning.